 Dungeon Crawl Stone Soup version 0.24-a0-504-gcfb02b9d07 (webtiles) character file.

Game seed: 8236993012023639354

288 Gargoyl the Skirmisher (level 6, 0/52 HPs)
             Began as a Centaur Abyssal Knight on July 17, 2019.
             Was a Priest of Lugonu.
             Succumbed to an orc wizard's poison
             ... on level 4 of the Dungeon.
             The game lasted 00:04:59 (3143 turns).

Gargoyl the Skirmisher (Centaur Abyssal Knight)     Turns: 3143, Time: 00:04:59

Health: 0/52       AC: 13    Str: 14    XL:     6   Next: 9%
Magic:  8/8        EV:  4    Int: 11    God:    Lugonu [***...]
Gold:   194        SH:  0    Dex: 11    Spells: 5/5 levels left

rFire    . . .     SeeInvis .   a - +1 hand axe
rCold    . . .     Gourm    .   (no shield)
rNeg     . . .     Faith    .   i - +2 plate armour
rPois    .         Spirit   .   (no helmet)
rElec    .         Reflect  .   h - +0 cloak
rCorr    .         Harm     .   (no gloves)
MR       .....                  (no barding)
Stlth    ..........             (no amulet)
HPRegen  0.17/turn              (no ring)
MPRegen  0.11/turn              (no ring)

@: lethally poisoned (0 -> -58), hasted, very quick
A: large, hooves 3, repulsion field 1, deformed body, speed 2, shaggy fur 1,
tough skin 3, wild magic 1
a: Depart the Abyss, Bend Space, Banish, Renounce Religion


You were on level 4 of the Dungeon.
You worshipped Lugonu.
Lugonu was most pleased with you.
You were not hungry.

You visited 1 branch of the dungeon, and saw 4 of its levels.
You visited the Abyss 1 time.

You collected 194 gold pieces.

Inventory:

Hand Weapons
 a - a +1 hand axe (weapon)
Armour
 h - a +0 cloak (worn)
 i - a +2 plate armour (worn)
Jewellery
 f - an uncursed amulet of regeneration {unknown}
Wands
 l - a wand of polymorph (2)
Scrolls
 b - 2 scrolls of remove curse
 n - a scroll of magic mapping {unknown}
 o - a scroll of teleportation
Potions
 d - 3 potions of flight
 p - 2 potions of magic
Comestibles
 c - 8 rations
 g - 2 chunks of flesh


   Skills:
 + Level 3.8 Fighting
 + Level 3.3 Axes
 * Level 2.7 Armour
 * Level 1.7 Dodging
 * Level 3.2 Invocations


You had 5 spell levels left.
You didn't know any spells.
Your spell library was empty.

Dungeon Overview and Level Annotations

Branches:
Dungeon (4/15)
 Temple: D:4-7

Altars:


Innate Abilities, Weirdness & Mutations

You have hooves in place of feet.
Armour fits poorly on your strangely shaped body.
You cover ground very quickly.
You have extremely tough skin. (AC +3)
You are surrounded by a mild repulsion field. (EV +2)
You are covered in fur. (AC +1)
Your spells are a little harder to cast, but a little more powerful.


Message History

You feel very sick.
The orc wizard hits you but does no damage.
You are more poisoned.
Unknown command.
It was a potion of haste.
You feel yourself speed up.
* * * LOW HITPOINT WARNING * * *
You feel very sick.
The orc wizard points at you and mumbles some strange words.
The puff of frost hits you but does no damage.
The orc wizard hits you but does no damage.
You are more poisoned.
It was a potion of magic.
Magic courses through your body.
* * * LOW HITPOINT WARNING * * *
You feel sick.
The orc wizard hits you but does no damage.
You are more poisoned.
It was a potion of mutation.
You feel extremely strange.
Your icy blue scales disappear.
You feel less in control of your magic.
You begin to radiate repulsive energy.
Fur sprouts all over your body.
You die...

.....#..###......
#.........#......
.................
...#..........#..
.............<...
#...##..)<.#.....
. #...†).#....#
..#...........#
#......@.......
#.......o..##...
....#.......# .#
.....##......# #
.... #......#
.... #.......
##.......
.........


You could see an orc wizard.

Vanquished Creatures
  Jessica (D:2)
  An orc wizard (D:3)
  Natasha (thrice) (D:2)
  7 adders
  An ooze (D:2)
  A worm (D:3)
  A dart slug (D:1)
  A leopard gecko (D:2)
  10 orcs
  4 bats
  6 giant cockroaches
  12 goblins
  8 hobgoblins
  2 jackals (D:2)
  3 quokkas
  8 frilled lizards
  7 kobolds
  9 rats
85 creatures vanquished.

Notes
Turn   | Place    | Note
-------+----------+-------------------------------------------
     0 | Abyss:1  | Gargoyl the Centaur Abyssal Knight began the quest for the
                  | Orb.
     0 | Abyss:1  | Reached XP level 1. HP: 19/19 MP: 2/2
    90 | Abyss:1  | Noticed a wight
    95 | Abyss:1  | Noticed a large abomination
   103 | Abyss:1  | Noticed a neqoxec
   104 | Abyss:1  | Gained mutation: You are partially covered in icy blue
                  | scales. (AC +2) [a neqoxec]
   109 | Abyss:1  | Noticed a crimson imp
   129 | Abyss:1  | Noticed an iron imp
   129 | Abyss:1  | Noticed an iron imp
   129 | Abyss:1  | Noticed an iron imp
   138 | Abyss:1  | Noticed an anaconda simulacrum
   144 | D:1      | Escaped the Abyss
   349 | D:1      | Reached * piety under Lugonu
   448 | D:1      | Reached XP level 2. HP: 26/26 MP: 3/3
   626 | D:1      | Reached skill level 1 in Dodging
   896 | D:2      | Reached XP level 3. HP: 26/31 MP: 4/4
  1078 | D:2      | Noticed Natasha
  1096 | D:2      | Killed Natasha
  1096 | D:2      | Reached XP level 4. HP: 38/38 MP: 5/5
  1275 | D:2      | Reached ** piety under Lugonu
  1312 | D:2      | Noticed Jessica
  1320 | D:2      | Killed Jessica
  1596 | D:2      | Noticed Natasha
  1603 | D:2      | Killed Natasha
  1603 | D:2      | Reached XP level 5. HP: 46/46 MP: 7/7
  1614 | D:2      | Noticed Natasha
  1621 | D:2      | Killed Natasha
  2325 | D:3      | Reached *** piety under Lugonu
  2747 | D:3      | HP: 2/46 [orc/+0 flail (5)]
  2984 | D:3      | Reached XP level 6. HP: 28/52 MP: 8/8
  3143 | D:4      | Lost mutation: You are partially covered in icy blue
                  | scales. (AC +2) [potion of mutation]
  3143 | D:4      | Gained mutation: Your spells are a little harder to cast,
                  | but a little more powerful. [potion of mutation]
  3143 | D:4      | Gained mutation: You are surrounded by a mild repulsion
                  | field. (EV +2) [potion of mutation]
  3143 | D:4      | Gained mutation: You are covered in fur. (AC +1) [potion of
                  | mutation]
  3143 | D:4      | Succumbed to an orc wizard's poison

Levels and vault maps discovered:
D:1:      matt_arrival_refuge, layout_basic, minmay_circled_x
D:2:      layout_loops_ring, first_ration, uniq_jessica, uniq_natasha
D:3:      layout_basic, grunt_ministairs_1
D:4:      layout_cave_pools, chequers_temple_overflow_statue_of_worship,
          uniq_edmund

Skill      XL: |  1  2  3  4  5 |
---------------+----------------+-----
Axes           | 2 3 |  3.3
Dodging        | 1 |  1.7
Armour         | 2 |  2.7
Invocations    | 3 |  3.2
Fighting       | |  3.8

Action                   |  1- 3 |  4- 6 || total
-------------------------+-------+-------++-------
Melee: Hand axe          |    89 |   158 ||   247
       Kick              |    16 |    19 ||    35
Invok: Depart the Abyss  |     1 |       ||     1
       Bend Space        |       |     1 ||     1
  Use: Scroll            |     7 |     2 ||     9
       Potion            |     1 |     7 ||     8
  Eat: Chunk             |       |     6 ||     6
Armor: Leather armour    |    24 |       ||    24
       Plate armour      |    58 |   234 ||   292
       Skin              |     4 |       ||     4
Dodge: Dodged            |    37 |    27 ||    64

Table legend:
 A = Non-vault XP
 B = Vault XP
 C = Vault XP percentage of total XP
 D = Non-vault monster count
 E = Vault monster count
 F = Vault count percentage of total count
                 A         B        C        D         E       F
            +---------+---------+-------+---------+---------+-------
      Total |     324 |      88 |  21.4 |      75 |      10 |  11.8
            +---------+---------+-------+---------+---------+-------
        D:1 |      34 |       5 |  12.8 |      19 |       4 |  17.4
        D:2 |     143 |      72 |  33.5 |      30 |       2 |   6.2
        D:3 |     136 |      11 |   7.5 |      22 |       4 |  15.4
        D:4 |      11 |       0 |   0.0 |       4 |       0 |   0.0
            +---------+---------+-------+---------+---------+-------
